 Dungeon Crawl Stone Soup version 0.24-a0-249-g2af7e837d0 (webtiles) character file.

Game seed: 13955450414720792715

236 Redear the Shield-Bearer (level 6, -2/43 HPs)
             Began as an Octopode Fighter on Apr 13, 2019.
             Slain by a water moccasin (4 damage)
             ... on level 4 of the Dungeon.
             The game lasted 00:04:24 (3509 turns).

Redear the Shield-Bearer (Octopode Fighter)         Turns: 3509, Time: 00:04:24

Health: -2/43      AC:  1    Str: 15    XL:     6   Next: 6%
Magic:  6/6        EV: 15    Int: 11    God:
Gold:   294        SH:  2    Dex: 13    Spells: 5/5 levels left

rFire    . . .     SeeInvis .   y - +0 dagger (freeze)
rCold    . . .     Gourm    .   (no shield)
rNeg     . . .     Faith    .   (helmet restricted)
rPois    .         Spirit   .   j - +2 amulet of reflection
rElec    .         Reflect  +   x - ring of stealth {Stlth+}
rCorr    .         Harm     .   (no ring)
MR       .....                  (no ring)
Stlth    +++.......             (no ring)
HPRegen  0.14/turn              (no ring)
MPRegen  0.10/turn              (no ring)
                                (no ring)
                                (no ring)

@: lethally poisoned (-2 -> -24), hasted, very quick
A: almost no armour, stealthy swim, amphibious, 8 rings, constrict 8, camouflage
1, gelatinous body 1
a: no special abilities


You were on level 4 of the Dungeon.
You were not hungry.

You visited 1 branch of the dungeon, and saw 4 of its levels.

You collected 294 gold pieces.

Inventory:

Hand Weapons
 a - a +0 long sword
 y - a +0 dagger of freezing (weapon)
Missiles
 i - 91 stones (quivered)
 o - 39 arrows
 r - 28 sling bullets
 s - 12 poisoned needles
 t - 4 curare-tipped needles
Armour
 b - a +0 shield
Jewellery
 j - a +2 amulet of reflection (around mantle)
 x - a ring of stealth (left tentacle) {Stlth+}
Wands
 S - a wand of scattershot (7)
Scrolls
 e - 4 scrolls of identify {unknown}
 f - a scroll of random uselessness {unknown}
 k - a scroll of fog {unknown}
 m - 3 scrolls of magic mapping {unknown}
 n - a scroll of blinking {unknown}
 q - 2 scrolls of enchant armour {unknown}
 u - 6 scrolls of teleportation {unknown}
 v - a scroll of fear {unknown}
Potions
 c - a potion of might {Str+5 DMG+1d10 | @q3}
 d - 4 potions of heal wounds {unknown}
 g - a potion of ambrosia {unknown}
 l - 2 potions of curing {unknown}
 p - a potion of cancellation {unknown}
 w - 2 potions of lignification {unknown}
 H - 2 potions of haste
Comestibles
 z - 9 rations
 A - a chunk of flesh


   Skills:
 + Level 4.1 Fighting
 + Level 3.4 Long Blades
 + Level 4.1 Dodging
 + Level 4.1 Shields


You had 5 spell levels left.
You didn't know any spells.
Your spell library was empty.

Dungeon Overview and Level Annotations

Branches:
Dungeon (4/15)
 Temple: D:4-7

Altars:

Shops:
D:4 *[


Innate Abilities, Weirdness & Mutations

You cannot wear most types of armour.
You are very stealthy in the water. (Stealth+)
You are amphibious.
You can wear up to eight rings at the same time.
You can use your tentacles to constrict eight enemies at once.
Your skin changes colour to match your surroundings (Stealth+).
Your rubbery body absorbs attacks. (AC +1, EV +1)


Message History

You are too injured to fight recklessly!
You are too injured to fight recklessly!
You are too injured to fight recklessly!
You are too injured to fight recklessly!
You are too injured to fight recklessly!
You are too injured to fight recklessly!
You are too injured to fight recklessly!
Unknown command.
Unknown command.
You feel sick. The water moccasin bites you!
You are lethally poisoned!
The water moccasin poisons you!
You take 8 damage, and have 13/43 hp.
It was a potion of haste.
You feel yourself speed up.
H - 2 potions of haste
* * * LOW HITPOINT WARNING * * *
You feel sick. The water moccasin bites you!
* * * LOW HITPOINT WARNING * * *
The water moccasin bites you.
You die...

#.......#
#.....
#.......#
#.....
#.......#
#.....
#.......#
######
#.......#
#.......#
#.......#####..
#.#####.)......
###...#@.......
+.∩SSS.......
#...#........
#####........
#.$......
+........
#........
#........
.......


You could see 2 water moccasins and an adder.

Vanquished Creatures
  2 howler monkeys
  A worker ant (D:4)
  Robin (D:3)
  2 adders (D:2)
  3 worms
  3 dart slugs
  2 leopard geckos
  5 orcs
  2 ball pythons
  3 giant cockroaches
  14 goblins
  10 hobgoblins
  9 jackals
  8 kobolds
  2 quokkas
  10 bats
  3 frilled lizards
  9 rats
89 creatures vanquished.

Notes
Turn   | Place    | Note
-------+----------+-------------------------------------------
     0 | D:1      | Redear the Octopode Fighter began the quest for the Orb.
     0 | D:1      | Reached XP level 1. HP: 16/16 MP: 1/1
   192 | D:1      | Reached XP level 2. HP: 19/21 MP: 2/2
   497 | D:1      | Reached XP level 3. HP: 26/26 MP: 3/3
  1087 | D:2      | Reached XP level 4. HP: 5/31 MP: 4/4
  2272 | D:3      | Reached XP level 5. HP: 33/37 MP: 5/5
  2313 | D:3      | Noticed Robin
  2320 | D:3      | Reached skill level 3 in Long Blades
  2328 | D:3      | Killed Robin
  3157 | D:4      | Found Beomaov's Armour Emporium.
  3334 | D:4      | Reached skill level 4 in Fighting
  3334 | D:4      | Reached skill level 4 in Dodging
  3334 | D:4      | Reached skill level 4 in Shields
  3486 | D:4      | Reached XP level 6. HP: 38/43 MP: 6/6
  3504 | D:4      | Found Lociaquko's Serpentskin Sales.
  3504 | D:4      | Noticed a water moccasin
  3504 | D:4      | Noticed a water moccasin
  3509 | D:4      | HP: 2/43 [water moccasin (9)]
  3509 | D:4      | Slain by a water moccasin

Levels and vault maps discovered:
D:1:      minmay_arrival_four_houses, layout_basic
D:2:      minmay_door_path, layout_loops_corners
D:3:      layout_basic, uniq_robin
D:4:      layout_basic, minitemple, serial_shops, nicolae_shop_stone,
          guppyfry_shop_venom

Skill      XL: |  1  2  3  4  5 |
---------------+----------------+-----
Long Blades    | 3 |  3.4
Fighting       | 4 |  4.1
Dodging        | 4 |  4.1
Shields        | 4 |  4.1

Action                   |  1- 3 |  4- 6 || total
-------------------------+-------+-------++-------
Melee: Long sword        |    55 |    70 ||   125
       Constrict         |    20 |    32 ||    52
       Tentacles         |    15 |    23 ||    38
       Dagger            |       |    28 ||    28
  Use: Potion            |       |     1 ||     1
 Stab: Sleeping          |     4 |     4 ||     8
  Eat: Chunk             |       |     8 ||     8
Armor: Skin              |     6 |     3 ||     9
Dodge: Dodged            |    37 |    61 ||    98
       Rpst.: Long sword |    11 |    12 ||    23

Table legend:
 A = Non-vault XP
 B = Vault XP
 C = Vault XP percentage of total XP
 D = Non-vault monster count
 E = Vault monster count
 F = Vault count percentage of total count
                 A         B        C        D         E       F
            +---------+---------+-------+---------+---------+-------
      Total |     295 |      43 |  12.7 |      74 |      15 |  16.9
            +---------+---------+-------+---------+---------+-------
        D:1 |      44 |       0 |   0.0 |      26 |       0 |   0.0
        D:2 |      54 |       7 |  11.5 |      19 |       3 |  13.6
        D:3 |      90 |      36 |  28.6 |      19 |      12 |  38.7
        D:4 |     107 |       0 |   0.0 |      10 |       0 |   0.0
            +---------+---------+-------+---------+---------+-------
